 Dungeon Crawl Stone Soup version 0.31-a0-949-g57150269e1 (webtiles) character file.

Game seed: 15016556570159155490

50 gelatine the Ruffian (level 3, 0/26 HPs)
             Began as a Demonspawn Shapeshifter on Oct 22, 2023.
             Succumbed to an adder's poison
             ... on level 2 of the Dungeon.
             The game lasted 00:02:48 (1037 turns).

gelatine the Ruffian (Demonspawn Shapeshifter)      Turns: 1037, Time: 00:02:49

Health: 0/26       AC:  9    Str: 16    XL:     3   Next: 55%
Magic:  2/3        EV: 11    Int: 11    God:
Gold:   81         SH:  0    Dex: 12    Spells: 2/2 levels left

rFire   . .          .
                       - Unarmed
rCold   . . .        (no shield)
rNeg    . . .        f - +0 leather armour
rPois   .            (helmet currently unavailable)
rElec   .            (cloak currently unavailable)
rCorr   .            (gloves currently unavailable)
SInv    .            (boots currently unavailable)
Will    .....        l - amulet of guardian spirit
Stlth   +            (no ring)
HPRegen 0.24/turn    (no ring)
MPRegen 0.08/turn

%: guardian spirit
@: lethally poisoned (0 -> -4), beast-form, sanguine armoured
A: beast (slay +1), antennae 1, sanguine armour 1, claws 1, wild magic 1
a: Begin Untransformation


You were on level 2 of the Dungeon.
You were a hulking beast.
You visited 1 branch of the dungeon, and saw 2 of its levels.

You collected 81 gold pieces.

Inventory:

Missiles
 k - 2 stones (quivered)
 m - 2 throwing nets
Armour
 a - a +0 animal skin
 f - a +0 leather armour (worn)
Jewellery
 l - an amulet of guardian spirit (around neck)
Talismans
 c - a beast talisman (active)
 d - a flux talisman
Scrolls
 e - a scroll of revelation {unknown}
 g - a scroll of fog {unknown}
 h - 2 scrolls of identify {unknown}
 i - a scroll of poison {unknown}
Potions
 b - 3 potions of lignification


   Skills:
 * Level 1.6 Fighting
 + Level 0.7 Armour
 + Level 1.9 Dodging
 * Level 3.3 Unarmed Combat
 * Level 3.0 Shapeshifting


You had 2 spell levels left.
You didn't know any spells.
Your spell library was empty.

Dungeon Overview and Level Annotations

Branches:
Dungeon (2/15)

Altars:


Innate Abilities, Weirdness & Mutations

You are a hulking beast.
Your limbs bulge with bestial killing power. (Slay +1)
You have a pair of small antennae on your head.
When seriously injured, your blood forms armour. (AC +6)
You have sharp fingernails.
Your spells are a little harder to cast, but a little more powerful.


Message History

The kobold is moderately wounded.
The kobold closely misses you. The adder misses you.
A ball python comes into view.
Found a short sword.
The ball python hisses angrily.
The adder bites you.
* * * LOW HITPOINT WARNING * * *
You barely miss the adder. The adder bites you but does no damage.
You hit the adder.
The adder is heavily wounded.
The adder misses you.
You hit the adder but do no damage.
The adder is heavily wounded.
The adder barely misses you.
The ball python bites you but does no damage.
The ball python barely misses you.
You miss the adder.
The adder is heavily wounded.
The adder barely misses you.
The ball python bites you but does no damage.
The ball python grabs you. The ball python constricts you.
You escape the ball python's grasp.
Found a scroll labelled PUNAMU PIFF.
The adder bites you.
* * * LOW HITPOINT WARNING * * *
You are lethally poisoned!
The adder poisons you!
* * * LOW HITPOINT WARNING * * *
You feel sick.
The ball python attacks as it pursues you!
The ball python bites you.
* * * LOW HITPOINT WARNING * * *
The ball python grabs you. The ball python constricts you.
Something loses its grip on you.
It was a potion of mutation.
You feel extremely strange.
You feel less in control of your magic.
Your fingernails lengthen.
* * * LOW HITPOINT WARNING * * *
You feel sick. The adder closely misses you.
You claw the adder!
You kill the adder!
You die...

#### #.. .# #.##.#
########.##.#
#####............ ####
##.....######.##.# .....
##........#.......#
......#.h#..†...#.......#
?.......##......#.......#
..).>..S.K{.....+......).
......####......#.......#
...... #.w....#.......#
..... #......#........
..... .#######......##
.... .. ######## .... ..


You could see a ball python.

Vanquished Creatures
  2 adders (D:2)
  A worm (D:2)
  A dart slug (D:1)
  5 endoplasms
  2 giant cockroaches (D:1)
  A hobgoblin (D:1)
  4 jackals (D:1)
  2 quokkas
  4 ball pythons
  2 bats (D:1)
  3 frilled lizards (D:1)
  3 goblins (D:1)
  4 kobolds
  2 rats (D:1)
36 creatures vanquished.

Notes
Turn   | Place    | Note
-------+----------+-------------------------------------------
     0 | D:1      | gelatine the Demonspawn Shapeshifter began the quest for
                  | the Orb.
     0 | D:1      | Reached XP level 1. HP: 15/15 MP: 1/1
   162 | D:1      | Gained mutation: When seriously injured, your blood forms
                  | armour. (AC +6) [demonic ancestry]
   162 | D:1      | Reached XP level 2. HP: 11/21 MP: 2/2
   676 | D:1      | Gained mutation: You have a pair of small antennae on your
                  | head. [demonic ancestry]
   676 | D:1      | Reached XP level 3. HP: 24/26 MP: 1/3
  1036 | D:2      | Gained mutation: Your spells are a little harder to cast,
                  | but a little more powerful. [potion of mutation]
  1036 | D:2      | Gained mutation: You have sharp fingernails. [potion of
                  | mutation]
  1036 | D:2      | HP: 1/26 [poisoned by an adder]
  1037 | D:2      | Succumbed to an adder's poison

Illustrated notes

Levels and vault maps discovered:
D:1:      orjb1_clovarrival, layout_loops_ring, chequers_arboretum
D:2:      layout_basic

Skill      XL: |  1  2 |
---------------+-------+-----
Shapeshifting  | 3 |  3.0
Unarmed Combat | 3 |  3.3
Fighting       | |  1.6
Armour         | |  0.7
Dodging        | |  1.9

Action                     || total
---------------------------++-------
  Melee: Unarmed           ||    95
         Punch             ||     1
  Throw: Stone             ||    19
    Use: Potion            ||     1
   Stab: Sleeping          ||     1
 Armour: Leather armour    ||    54
  Dodge: Dodged            ||    47

Table legend: (Time is in decaauts)
 A = Elapsed time spent in this place.
 B = Non-inter-level travel time spent in this place.
 C = Inter-level travel time spent in this place.
 D = Time resting spent in this place.
 E = Time spent auto-exploring this place.
 F = Levels seen in this place.
 G = Mean time per level.
                   A        B        C        D        E       F      G
               +--------+--------+--------+--------+--------+-----+--------+
         Total |   1045 |   1009 |     36 |      0 |    725 |   2 |  522.5 |
       Dungeon |   1045 |   1009 |     36 |      0 |    725 |   2 |  522.5 |
               +--------+--------+--------+--------+--------+-----+--------+

Top non-repeatable levels by time:
     D:1: 822 daAuts
     D:2: 222 daAuts
